Get step-by-step instructions on how to execute this build order below. Start the game timer, and the build order will tick by so you can play in parallel with StarCraft on a second screen or mobile device.

Game Time

  0:00

Last Step

  N/A

Next Step

Upcoming Step



Don't want to look back and forth between 2 screens? Try out our Overwolf App, the Spawning Tool Build Advisor to get an in-game overlay with this build!

Complete Build Order

  12  0:00  SCV  
  13  0:12  SCV  
  14  0:17  Supply Depot  
  14  0:24  SCV  
  15  0:38  SCV  
  15  0:39  Barracks  
  16  0:43  Refinery  
  16  0:50  SCV  
  17  1:02  SCV  
  18  1:14  SCV  
  19  1:26  Reaper  
  19  1:27  Orbital Command  
  20  1:39  Command Center  
  20  1:47  Supply Depot  
  20  1:52  SCV  
  21  1:58  Marine  
  22  2:04  SCV  
  23  2:10  Factory  
  23  2:16  SCV  
  23  2:19  Barracks Reactor  
  24  2:28  SCV  
  25  2:41  SCV  
  25  2:42  Command Center  
  26  2:52  Orbital Command  
  26  2:53  SCV  
  27  2:59  Starport  
  27  3:05  SCV  
  28  3:07  Refinery  
  28  3:08  Hellion  
  28  3:11  Hellion  
  32  3:17  SCV  
  32  3:18  SCV  
  32  3:19  Barracks Tech Lab  
  34  3:29  SCV  
  34  3:30  Hellion, SCV  
  34  3:33  Hellion  
  40  3:41  SCV  
  40  3:42  Banshee, SCV  
  45  3:53  Hellion, SCV  
  45  3:54  Hellion, SCV  
  51  3:58  Orbital Command  
  51  4:01  Cloaking Field  
  51  4:03  Supply Depot  
  51  4:05  SCV  
  51  4:06  SCV  
  53  4:10  Marine  
  53  4:15  Hellion x2  
  58  4:17  SCV  
  58  4:18  SCV  
  58  4:24  SCV  
  61  4:25  Supply Depot  
  61  4:29  SCV  
  61  4:30  SCV  
  61  4:31  Banshee  
  63  4:36  Refinery  
  63  4:37  Refinery  
  68  4:41  Hellion  
  68  4:42  Factory  
  68  4:45  SCV  
  69  4:47  Hellion, Supply Depot  
  69  4:48  SCV x2  
  73  4:56  Supply Depot  
  73  4:59  SCV  
  74  5:00  SCV  
  74  5:03  Barracks Tech Lab, Hellion, Factory  
  74  5:05  Orbital Command  
  75  5:08  Barracks Reactor, Hellion  
  75  5:11  SCV  
  75  5:12  SCV  
  79  5:14  Banshee, Supply Depot  
  79  5:18  Hyperflight Rotors  
  82  5:23  SCV  
  82  5:24  Hellion, SCV  
  86  5:34  SCV  
  87  5:36  SCV x2  
  89  5:46  SCV  
  89  5:48  Factory Tech Lab, SCV x2  
  92  5:50  Cyclone x2  
  92  5:51  Cyclone x2  
  100  6:00  Refinery  
  100  6:01  Refinery  
  100  6:03  SCV, Supply Depot x3  
  101  6:09  Hurricane Engines  
  101  6:17  Supply Depot  
  101  6:19  Supply Depot  
  101  6:24  Cyclone x5, SCV x3  
  114  6:26  Banshee  
  117  6:36  SCV x3  
  120  6:40  Armory x2  
  120  6:48  SCV x3  
  123  6:56  Cyclone x2  
  123  7:00  SCV x3  
  130  7:04  Command Center  
  121  7:13  SCV x3  
  121  7:14  Cyclone x3  
  120  7:25  SCV x3  
  120  7:28  Cyclone x2  
  127  7:37  SCV x3  
  121  7:44  Banshee  
  121  7:46  Cyclone x3  
  121  7:48  Infernal Pre-Igniter  
  121  7:49  SCV x2  
  121  7:50  SCV  
  124  7:57  Factory  
  120  7:59  Factory  
  120  8:00  Cyclone  
  120  8:01  SCV x2  
  120  8:02  Cyclone, SCV  
  114  8:15  Terran Vehicle Weapons Level 1, Terran Vehicle And Ship Armor Level 1  
  114  8:16  SCV x2  
  114  8:17  SCV  
  114  8:18  Cyclone x2  
  121  8:24  Cyclone  
  113  8:30  SCV  
  113  8:31  SCV x2  
  113  8:33  Hellion  
  114  8:34  Hellion  
  114  8:41  Raven  
  114  8:42  Factory Reactor  
  114  8:43  Factory Reactor  
  114  8:44  SCV x3  
  119  8:50  Cyclone x2, Engineering Bay  
  121  8:56  Cyclone x2  
  121  8:57  Cyclone  
  121  8:59  Refinery x2  
  121  9:00  SCV  
  124  9:07  Factory  
  124  9:08  Factory  
  122  9:13  SCV  
  122  9:14  SCV  
  122  9:17  Planetary Fortress  
  119  9:22  Hellion  
  119  9:23  Cyclone x2  
  127  9:27  Hellion  
  127  9:28  Cyclone  
  129  9:32  Hellion x2  
  129  9:33  Command Center  
  129  9:36  Cyclone  
  129  9:38  SCV  
  136  9:40  Sensor Tower  
  136  9:41  Cyclone  
  136  9:44  Cyclone  
  140  9:50  Factory Tech Lab  
  140  9:52  Factory Tech Lab, Sensor Tower  
  140  9:55  Supply Depot  
  140  9:56  Supply Depot  
  140  9:57  Cyclone  
  140  9:58  Supply Depot  
  136  10:07  Cyclone  
  136  10:08  Cyclone  
  136  10:09  Hellion  
  136  10:10  Siege Tank  
  136  10:13  Siege Tank, Hellion x2  
  136  10:14  Hellion  
  142  10:16  Siege Tank  
  141  10:26  Cyclone  
  140  10:28  Missile Turret  
  140  10:34  Command Center  
  140  10:35  Cyclone  
  140  10:36  Refinery  
  140  10:39  Refinery  
  140  10:42  Siege Tank  
  145  10:45  Siege Tank  
  145  10:48  Siege Tank  
  145  10:49  SCV x4  
  155  10:53  Hellion  
  155  10:56  Hellion  
  159  10:58  Missile Turret  
  159  10:59  Hellion x2  
  159  11:01  SCV x2  
  159  11:02  Hellion  
  169  11:04  Hellion  
  169  11:05  Hellion  
  169  11:06  Planetary Fortress  
  169  11:08  Sensor Tower  
  169  11:09  Hellion, SCV  
  174  11:14  Siege Tank  
  177  11:19  Siege Tank  
  177  11:20  Siege Tank, Command Center  
  177  11:21  Raven  
  177  11:25  Cyclone x2  
  189  11:34  Hellion x2  
  189  11:38  Hellion x2